[Event "*** Titled Tuesday Blitz"]
[Site "Chess.com"]
[Date "2021.02.09"]
[Round "5"]
[White "karinachess1"]
[Black "Xeniya2005"]
[Result "1-0"]
[WhiteElo "2519"]
[BlackElo "2350"]
[TimeControl "180+1"]
[EndTime "10:59:22 PST"]
[Termination "karinachess1 won on time"]

1. Nf3 d5 2. c4 d4 3. e3 Nc6 4.
exd4 Nxd4 5. Nxd4 Qxd4 6. Nc3 Nh6 7. d3 Nf5 8. Be2 c6 9. O-O g6 10. Qc2 Bg7 11. Bf3 O-O 12. Rd1 Be6 13. Ne2 Qd7 14.
g3 Rad8 15. Bf4 Nd4 16. Nxd4 Bxd4 17. Re1 Bf5 18. Rad1 Rfe8 19. Be3 Bxe3 20. Rxe3 e5 21. Qc3 f6 22. Be2 Kf7 23. a3 Qd4 24. Qxd4 Rxd4 25. f3 Red8 26. Kf2 b6 27. Bf1 c5 28. Be2 a6 29. g4 Be6 30. Rc1 Rc8 31. Re4 Rd6 32. f4 exf4 33. Rxf4 b5 34. cxb5 axb5 35. Ke3 Rdc6 36.
Rcf1 Bb3 37. Kd2 Re8 38. Bf3 Rd6 39. Be2 c4 40. d4 Red8 41. Kc3 Re8 42. R1f2 Rde6 43.
Kd2 Kg7 44. Bd1 Bxd1 45. Kxd1 Rd8 46. Kc2 Re3 47. Rxf6 Rd3 48. Rb6 R8xd4 49. g5 Rd5 50. Rb7+ Rd7 51. Rxb5 h6 52. h4 hxg5 53. hxg5 Rg3 54.
Rc5 Rg4 55. a4 Ra7 56. a5 Ra6 57. Kc3 Ra7 58. Kb4 Rb7+ 59. Ka4 c3+ 60. Ka3 cxb2 61.
Rxb2 Rg3+ 62. Ka2 Ra7 63. Rb6 Rg4 64. Kb3 Rg3+ 65. Kb4 Rg4+ 66. Kb5 Rg1 67. Kc6 Rf1 68. Rb7+ Rxb7 69. Kxb7 Rb1+ 70. Kc7 Kf7 71. a6 Ra1 72. Kb7 Ke6 73. a7 Rb1+ 74. Kc7 Ra1 75. Kb6 Ke7 76.
Ra5 1-0

[Event "*** Titled Tuesday Blitz"]
[Site "Chess.com"]
[Date "2021.02.09"]
[Round "5"]
[White "Natalya_Buksa"]
[Black "SergeiAza"]
[Result "0-1"]
[WhiteElo "2566"]
[BlackElo "2761"]
[TimeControl "180+1"]
[EndTime "10:59:31 PST"]
[Termination "SergeiAza won on time"]

1. e4 c5 2. c3 d6 3. d4 Nf6 4. Bd3 Nc6 5. Ne2 e5 6. dxe5 Nxe5 7. Bc2 Be7 8. O-O O-O 9. f4 Ng6 10. Nd2 b6 11. Nf3 Bb7 12. Ng3 Re8 13. Re1 Bf8 14. a4 Qc7 15. a5 b5 16. b3 Rad8 17. Qd3 Bc6 18. c4 a6 19. Bd2 Qb7 20. Rad1 h5 21.
h4 Qc8 22. f5 Ne5 23. Nxe5 dxe5 24. Qe3 Rd4 25. Bc3 bxc4 26. Bxd4 exd4 27. Qg5 d3 28. Bb1 Qd8 29. bxc4 Qd4+ 30. Qe3 Qxc4 31. Bxd3 Qb4 32. e5 c4 33. Qf4 cxd3 34. Qxb4 Bxb4 35.
Rf1 Bc5+ 36. Kh1 Rxe5 37. Rxd3 Ng4 38. Rd8+ Kh7 39. Nxh5 Bb5 40. Rc1 Rxf5 41. Ng3 Re5 42. Rc8 Bd6 43. Rd8 Rd5 44. Ne4 Bf4 45. Rxd5 Bxc1 46. Nc3 Be8 47. Rh5+ Kg6 48. Rc5 Be3 49.
Rc8 Nf2+ 50. Kh2 Bd7 51. Ra8 Bf4+ 52. g3 Be5 53. Rxa6+ Be6 54. Kg2 Ng4 55. Ne4 Kf5 56.
Nf2 Bd5+ 57. Kg1 Bd4 58. Rd6 Bxf2+ 59. Kf1 Be4 60. a6 Bc5 61. Rd7 Ne3+ 62. Ke2 Ke6 63. Rc7 Bb6 64. Rc8 Bd5 65. Re8+ Kd7 66. Rg8 g6 67. g4 Bc4+ 68. Kf3 Bxa6 69. h5 Bb7+ 70. Kf4 Nd5+ 71. Kg5 Be3+ 72. Kh4 gxh5 73. gxh5 Ke7 74.
h6 Bxh6 75. Kh5 Be3 76. Rb8 Nf6+ 77. Kh4 Bd5 78. Rb1 Bd4 79. Re1+ Ne4 80. Rb1 f5 81. Rb7+ Ke6 82. Rb8 Ke5 83. Kh3 Ng5+ 0-1

[Event "*** Titled Tuesday Blitz"]
[Site "Chess.com"]
[Date "2021.02.09"]
[Round "5"]
[White "erlesfar"]
[Black "Sam_ChessMood"]
[Result "0-1"]
[WhiteElo "2551"]
[BlackElo "2839"]
[TimeControl "180+1"]
[EndTime "10:59:31 PST"]
[Termination "Sam_ChessMood won by resignation"]

1. e4 e5 2. Bc4 Nf6 3. Nc3 Nxe4 4. Nf3 Nd6 5. Bb3 Be7 6. Nxe5 O-O 7. O-O Nc6 8. d4 Na5 9. Bd5 c6 10. Bf3 Ne8 11.
d5 d6 12. Nd3 c5 13. a4 Bf5 14. Ne4 Nf6 15. Ng3 Bg6 16. Nf4 Nc4 17. Nxg6 hxg6 18. b3 Ne5 19. Be2 Nh7 20. c4 Bf6 21. Ra2 Re8 22. Bd2 Nd7 23. Bd3 Bd4 24. Ne2 Qh4 25.
g3 Qf6 26. Nxd4 cxd4 27. Bb4 a5 28. Ba3 Ng5 29. Kg2 b6 30. h4 Ne4 31. Bxe4 Rxe4 32. Qf3 Qxf3+ 33. Kxf3 f5 34. Rd1 Nc5 35. Bxc5 bxc5 36.
Rad2 Kf7 37. Re2 Rb8 38. Rd3 Rbe8 39. Red2 Kf6 40. Kg2 g5 41. hxg5+ Kxg5 42. Rf3 Kf6 43. Rdd3 g5 44. Rd2 g4 45. Rfd3 Kg5 46. Rd1 Rh8 47.
Rh1 Rxh1 48. Kxh1 Re1+ 49. Kg2 f4 50. gxf4+ Kxf4 51. Rg3 Rb1 52. Rd3 Rb2 53. Rg3 Rc2 54.
Kf1 Rc3 55. Rxc3 dxc3 56. Ke2 c2 57. Kd2 Kf3 58. b4 axb4 59. a5 Kxf2 60. a6 g3 61. a7 g2 62. a8=Q c1=Q+ 63. Kxc1 g1=Q+ 64. Kb2 Ke2 65. Qc6 Qd4+ 66. Kb3 Qd1+ 67. Ka2 Qc2+ 68.
Ka1 Qc1+ 69. Ka2 Qxc4+ 70. Kb2 Qd4+ 71. Kb3 Qc3+ 72. Ka4 Qe5 73. Kb5 Kd2 74. Qa8 b3 75. Qa3 Qc3 76. Kc6 b2 77. Qa2 Kc1 0-1

[Event "*** Titled Tuesday Blitz"]
[Site "Chess.com"]
[Date "2021.02.09"]
[Round "5"]
[White "kubal123"]
[Black "Unknown_IM"]
[Result "1/2-1/2"]
[WhiteElo "2206"]
[BlackElo "2353"]
[TimeControl "180+1"]
[EndTime "10:59:35 PST"]
[Termination "Game drawn by repetition"]

1. d4 Nf6 2. Nf3 d5 3. Bf4 c6 4. e3 Qb6 5. Nbd2 Nh5 6. Bd3 Nxf4 7. exf4 g6 8. O-O Bg7 9. Nb3 O-O 10. c3 Nd7 11. Qe2 e6 12. Ne5 Nxe5 13. fxe5 a5 14. Nc5 Re8 15. Rab1 Bf8 16. b4 axb4 17. cxb4 Ra3 18.
Qb2 Qa7 19. Rfc1 Rxa2 20. Qc3 Ra3 21. Rb3 Rxb3 22. Nxb3 Qa3 23. Nc5 Qxc3 24. Rxc3 b6 25. Na4 Bb7 26. Nxb6 Bxb4 27. Rb3 Bf8 28. Nd7 Ra8 29.
Rxb7 Ra1+ 30. Bf1 Kg7 31. Nxf8 Kxf8 32. g3 Kg7 33. Rb4 Rc1 34. Kg2 c5 35. dxc5 Rxc5 36. f4 Rc2+ 37. Kg1 Rc1 38. Rb2 h6 39. Rd2 g5 40.
Kg2 Rc3 41. Be2 Ra3 42. Bf3 Ra4 43. fxg5 hxg5 44. Kf2 g4 45. Be2 Re4 46. Rb2 Rxe5 47. Bxg4 Re4 48. Bf3 Ra4 49. h4 Ra3 50. Re2 Rb3 51.
Re3 Rb2+ 52. Re2 Rb3 53. Re3 Rb2+ 54. Be2 Ra2 55. Rd3 Ra4 56. Ke3 Ra2 57. Rd2 Ra3+ 58.
Bd3 Kf6 59. Rf2+ Kg7 60. h5 e5 61. Kd2 Ra2+ 62. Ke3 Ra3 63. Kd2 Ra2+ 64. Bc2 d4 65.
Rf5 f6 66. h6+ Kf7 67. h7 Kg7 68. Rh5 Kh8 69. Rh6 e4 70. Rxf6 Kxh7 71. Rd6 d3 72.
Rc6 dxc2 73. Rxc2 e3+ 74. Kd1 Rxc2 75. Kxc2 Kg6 76. Kd3 Kf5 77. Kxe3 Kg4 78. Kf2 Kg5 79. Kf3 Kf5 80. g4+ Kg5 81. Kg3 Kg6 82. Kf4 Kf6 83. g5+ Kg6 84. Kg4 Kg7 85. Kf5 Kf7 86. g6+ Kg7 87. Kg5 Kg8 88. Kf6 Kf8 89. Kf5 Kg7 90. Kg5 Kg8 91. Kh5 Kg7 92. Kg5 1/2-1/2

[Event "*** Titled Tuesday Blitz"]
[Site "Chess.com"]
[Date "2021.02.09"]
[Round "5"]
[White "maxz1996"]
[Black "BairaKovanova"]
[Result "1/2-1/2"]
[WhiteElo "2124"]
[BlackElo "2474"]
[TimeControl "180+1"]
[EndTime "10:59:35 PST"]
[Termination "Game drawn - insufficient material"]

1. e4 e5 2. Nf3 Nc6 3. Bb5 a6 4.
Ba4 Nge7 5. O-O g6 6. c3 Bg7 7. d4 exd4 8. cxd4 b5 9. Bc2 d6 10.
h3 O-O 11. a3 Na5 12. Nc3 h6 13. b3 c5 14. Be3 c4 15. b4 Nac6 16. Qd2 Kh7 17.
Rfb1 d5 18. a4 Rb8 19. axb5 axb5 20. exd5 Nxd5 21. Be4 Ncxb4 22. Ra5 Nxc3 23. Qxc3 Qxa5 24. Rxb4 Re8 25. Bc6 Rd8 26. Bd2 Be6 27. Qe3 Qa1+ 28. Kh2 Bd5 29. Bc3 Qa7 30. Bxb5 Qc7+ 31. Kg1 Ra8 32. Nd2 Qd6 33. Bxc4 Re8 34. Qd3 Re1+ 35. Nf1 Bxc4 36. Qxc4 Re7 37. Rb2 Qc7 38. Qd3 Rc8 39.
Bd2 Rd7 40. Rb4 Rcd8 41. g3 Rxd4 42. Rxd4 Rxd4 43. Qe2 Qd7 44. Be3 Re4 45. Qf3 Re8 46. Kg2 Bd4 47. h4 Bxe3 48. Nxe3 Qe6 49. Ng4 Kg7 50.
Qc3+ f6 51. Ne3 h5 52. Kg1 Re7 53. Qb2 Qe4 54. Qc3 Rb7 55. Kh2 Rb1 56. Qc7+ Kh6 57.
Qf4+ Qxf4 58. gxf4 Rb4 59. Kg3 Kg7 60. Kf3 Rd4 61.
Ng2 f5 62. Ne3 Kf6 63. Ng2 Rd3+ 64. Ne3 Ke6 65. Ke2 Rd4 66. Kf3 Re4 67. Nf1 Kd6 68. Nd2 Re1 69. Nc4+ Ke6 70. Ne3 Rh1 71. Kg3 Rg1+ 72.
Kf3 Rb1 73. Nc4 Rb3+ 74. Ne3 Kd6 75. Kg2 Kc5 76. Kf3 Kd4 77. Ke2 Ke4 78. Ng2 Rb2+ 79. Kf1 Kf3 80. Ne1+ Kxf4 81. Nd3+ Kg4 82. Nxb2 Kxh4 83.
Kg2 Kg4 84. Nd3 g5 85. Ne5+ Kf4 86. Ng6+ Ke4 87. Kg3 h4+ 88. Kg2 Kd3 89. f3 Ke3 90. Ne5 g4 91. fxg4 fxg4 92. Nxg4+ Kf4 93. Nh2 h3+ 94.
Kxh3 1/2-1/2

[Event "*** Titled Tuesday Blitz"]
[Site "Chess.com"]
[Date "2021.02.09"]
[Round "5"]
[White "crazy_but_lazy"]
[Black "malakismayil"]
[Result "0-1"]
[WhiteElo "2506"]
[BlackElo "2374"]
[TimeControl "180+1"]
[EndTime "10:59:36 PST"]
[Termination "malakismayil won by checkmate"]

1. c4 e5 2. Nc3 Nf6 3. Nf3 Nc6 4. e3 d6 5. d4 Bg4 6. Be2 Be7 7. h3 Bh5 8. O-O O-O 9. b3 h6 10. Bb2 Nd7 11. d5 Ncb8 12. b4 a5 13. a3 Na6 14.
Qb3 f5 15. Nd2 Bxe2 16. Nxe2 Bf6 17. f4 Qe8 18. Rae1 Qg6 19. Nf3 Rae8 20. Bc3 Qf7 21. Qb1 exf4 22. Bxf6 Nxf6 23. Nxf4 Ne4 24. Ne6 Rxe6 25. dxe6 Qxe6 26. Qb2 Qxc4 27. Nd4 Qd5 28. Rd1 Qe5 29. Qb3+ Kh7 30. Ne6 Rf6 31. Nf4 axb4 32. Rd5 Qe7 33. axb4 c6 34. Ra5 Nc7 35. Qd3 d5 36.
Ra7 Nd6 37. Ra2 Ncb5 38. Ne2 Re6 39. Nd4 Rxe3 40. Nxf5 Rxd3 41. Nxe7 Rd4 42. Re2 Rxb4 43. Nf5 Nxf5 44. Rxf5 Nd4 45. Rf7 Nxe2+ 46. Kf2 Nd4 47. Ke3 Ne6 48. Re7 Re4+ 49. Kd2 Nc5 50. Rc7 Rd4+ 51.
Ke2 Rc4 52. Kf3 Rb4 53. g4 Rb3+ 54. Ke2 Ne4 55. h4 Ng3+ 56. Kf2 Ne4+ 57. Ke2 Rg3 58.
Rxb7 Rxg4 59. h5 Rg5 60. Rc7 c5 61. Kf3 Rxh5 62. Kf4 Rg5 63. Rd7 c4 64. Rc7 Nf6 65.
Rc5 Rg4+ 66. Kf5 Rg5+ 67. Ke6 Kg6 68. Rc8 h5 69. Rc6 h4 70. Ra6 h3 71. Ra2 Rg2 72.
Ra1 h2 73. Ke7 Rg1 74. Ra6 h1=Q 75. Re6 Qf3 76. Kd6 Rg2 77. Ke7 Re2 78. Kf8 Re3 79. Re5 Ne4+ 80. Kg8 Qf4 81. Re6+ Nf6+ 82. Kf8 Kf5 83. Re5+ Qxe5 84. Kf7 Qe8+ 85. Kxg7 Re7+ 86. Kh6 Qg6# 0-1

[Event "*** Titled Tuesday Blitz"]
[Site "Chess.com"]
[Date "2021.02.09"]
[Round "5"]
[White "ShapkinAnatoliy"]
[Black "SARGISMV"]
[Result "1/2-1/2"]
[WhiteElo "2694"]
[BlackElo "2434"]
[TimeControl "180+1"]
[EndTime "11:00:11 PST"]
[Termination "Game drawn by 50-move rule"]

1. d4 e6 2. c4 c5 3. d5 exd5 4.
cxd5 d6 5. Nc3 a6 6. a4 Ne7 7. Nf3 Ng6 8. g3 Be7 9. Bg2 O-O 10. O-O Nd7 11. e4 Bf6 12. Nd2 Re8 13. h3 Rb8 14.
Nc4 Nde5 15. Nxe5 Nxe5 16. f4 Nc4 17. Qd3 Bd4+ 18. Kh2 b5 19. axb5 axb5 20. b3 Na5 21.
Rb1 Qb6 22. b4 c4 23. Qc2 Nb3 24. Ne2 Bf6 25. Rxb3 cxb3 26. Qxb3 Ra8 27. Be3 Qa6 28. Nd4 Bxd4 29. Bxd4 Qa2 30. Qxa2 Rxa2 31. e5 Bf5 32. Kg1 Bd3 33. Rd1 Bc4 34. Re1 f6 35. e6 Rd2 36.
Be3 Rd3 37. Be4 Rb3 38. f5 Rxb4 39. Bf4 Rb2 40. Bxd6 Rd2 41. Bf4 Rxd5 42. Bxd5 Bxd5 43. g4 b4 44. Kf2 b3 45. Rb1 h5 46. Kg3 hxg4 47.
hxg4 g6 48. Rb2 Be4 49. fxg6 Bc2 50. g5 Rxe6 51. gxf6 Rxf6 52. Kf3 Rxg6 53. Ke3 Ra6 54.
Be5 Kf7 55. Kd2 Ke6 56. Bc3 Kd5 57. Rxc2 bxc2 58. Kxc2 Kc4 59. Be5 Ra2+ 60. Kd1 Rg2 61.
Ke1 Kd3 62. Kf1 Rg4 63. Bc7 Ke3 64. Bb6+ Kf3 65. Ke1 Rb4 66. Bc5 Rb3 67. Ba7 Ra3 68. Bb6 Ke4 69. Kf1 Ra2 70. Bc5 Kf3 71. Kg1 Rg2+ 72.
Kh1 Rg5 73. Bd6 Kg4 74. Bb8 Rb5 75. Ba7 Kh3 76. Bg1 Rb2 77. Bb6 Kg3 78. Bg1 Rg2 79. Ba7 Rh2+ 80. Kg1 Rh7 81. Bb6 Kf3 82. Bc5 Rg7+ 83.
Kh1 Rg5 84. Bg1 Rg2 85. Bh2 Rg4 86. Bg1 Ke2 87. Bh2 Kf1 88. Bd6 Rh4+ 89. Bh2 Ke2 90. Kg2 Rg4+ 91. Kh3 Kf3 92. Bd6 Rg2 93. Kh4 Rd2 94. Bc7 Rh2+ 95. Kg5 Rg2+ 96. Kf5 Rc2 97.
Bd6 Rc5+ 98. Ke6 Rc6 99. Kd7 Rb6 100. Bc7 Rb3 101. Kc8 Ke4 102. Kd7 Kd5 103. Bf4 Rc3 104. Ke7 Rc6 105. Kf7 Re6 106. Bd2 Re4 107. Kg6 Ke5 108. Kh6 1/2-1/2

[Event "*** Titled Tuesday Blitz"]
[Site "Chess.com"]
[Date "2021.02.09"]
[Round "5"]
[White "Sofiia_Hryzlova"]
[Black "VALPARAISO37"]
[Result "1/2-1/2"]
[WhiteElo "2284"]
[BlackElo "2471"]
[TimeControl "180+1"]
[EndTime "11:00:12 PST"]
[Termination "Game drawn by repetition"]

1. Nf3 d5 2. d4 Nf6 3. g3 g6 4. Bg2 Bg7 5. O-O O-O 6. c4 c6 7.
Nc3 Bf5 8. b3 Ne4 9. Bb2 Qa5 10.
Qc1 Nd7 11. Nd2 Bh6 12. e3 Nxd2 13. Qxd2 Nb6 14. c5 Nd7 15. Rfd1 Rad8 16. Nxd5 Qxd2 17. Nxe7+ Kh8 18. Rxd2 Be6 19. d5+ Bg7 20. Bxg7+ Kxg7 21. dxe6 Nxc5 22. Rxd8 Rxd8 23. exf7 Kxf7 24. Nxc6 bxc6 25.
Bxc6 Rd2 26. Bb5 Ne4 27. Bc4+ Kg7 28. f3 Nc3 29. a4 a5 30. Re1 h5 31. e4 Kf6 32. e5+ Ke7 33. Re3 Rd1+ 34. Kg2 Rc1 35. e6 Nd1 36. Rd3 Rc2+ 37. Kh3 Nf2+ 38. Kh4 Nxd3 39.
Bxd3 Rxh2+ 40. Kg5 Rg2 41. Kh4 g5+ 42. Kxg5 Rxg3+ 43. Kxh5 Rxf3 44. Bc4 Kf6 45. Kg4 Rc3 46. Kf4 Rc1 47.
Ke4 Rd1 48. Bd5 Ke7 49. Ke5 Re1+ 50. Kd4 Kd6 51. Bc4 Rd1+ 52. Kc3 Kc5 53. Kc2 Re1 54.
Kd2 Re5 55. Kd3 Kd6 56. Kc3 Re3+ 57. Kd4 Rg3 58. Ke4 Rg4+ 59. Kf5 Rg3 60. Kf6 Rf3+ 61.
Kg7 Ke7 62. Kg6 Rf4 63. Kg5 Rf2 64. Kg4 Kd6 65. Kg3 Rf5 66. Kg2 Rf8 67. Kg3 Ke7 68.
Kg4 Rf6 69. Kg5 Rf2 70. Kg6 Rg2+ 71. Kf5 Rd2 72. Ke4 Kd6 73. Ke3 Rh2 74. Kd3 Rh3+ 75. Kd4 Rh4+ 76. Kc3 Re4 77. Kd3 Re5 78. Kc3 Kc5 79.
Bd3 Rxe6 80. Bc4 Re3+ 81. Kd2 Kd4 82. Kc2 Rg3 83. Kd2 Rg2+ 84. Ke1 Ke3 85. Kd1 Kd4 86. Kc1 Kc3 87. Kd1 Rd2+ 88. Kc1 Rd4 89. Kb1 Rd1+ 90.
Ka2 Rd2+ 91. Kb1 Rh2 92. Ka1 Kb4 93. Kb1 Ka3 94. Kc1 Rb2 95. Kd1 Rh2 96. Kc1 Rh7 97. Kc2 Kb4 98. Kb2 Rh2+ 99. Kc1 Ra2 100. Kb1 Rd2 101. Kc1 Kc3 102. Kb1 Rf2 103. Ka1 Kc2 104. Ka2 Rd2 105. Ka1 Kc3 106. Kb1 1/2-1/2

[Event "*** Titled Tuesday Blitz"]
[Site "Chess.com"]
[Date "2021.02.09"]
[Round "5"]
[White "KubaGepard"]
[Black "ErikBlomqvist"]
[Result "0-1"]
[WhiteElo "2357"]
[BlackElo "2521"]
[TimeControl "180+1"]
[EndTime "11:00:37 PST"]
[Termination "ErikBlomqvist won by resignation"]

1. e4 c6 2. c4 d5 3. Nc3 dxe4 4. Nxe4 Bf5 5. Ng3 Bg6 6. h4 h6 7. Nh3 e5 8. h5 Bh7 9. d3 Nf6 10. Be2 Bc5 11. O-O Nbd7 12. Be3 Qb6 13. Qc1 O-O-O 14.
a4 a5 15. Bxc5 Nxc5 16. Qe3 Rhe8 17. b4 axb4 18. a5 Qa7 19. a6 b6 20. Rfd1 b3 21.
Qf3 Re6 22. Nf5 Bxf5 23. Qxf5 Kb8 24. Bf3 Rd4 25. Bxc6 Rxc6 26. Qxe5+ Rcd6 27. Nf4 Ncd7 28. Qe3 b2 29. Rab1 Qxa6 30. Rxb2 Nc5 31. Nd5 R4xd5 32.
cxd5 Rxd5 33. Rdb1 Ncd7 34. Rxb6+ Nxb6 35. Rxb6+ Qxb6 36. Qxb6+ Kc8 37. d4 Kd7 38. Qb7+ Ke6 39. Qc6+ Ke7 40.
Qc4 Rxh5 41. f3 Rd5 42. Kf2 h5 43. Ke3 Rg5 44. g3 Rd5 45. Qc7+ Ke6 46. f4 Kf5 47. Qc8+ Kg6 48. Kf3 Rxd4 49. Qc2+ Kh6 50. Ke3 Rd5 51. f5 Re5+ 52. Kf4 Re4+ 53. Kf3 Rg4 54. Qd2+ Kh7 55. Qa2 Rg5 56. Qxf7 Rxf5+ 57. Kg2 Kh6 58. Qe6 Kg5 59. Qe3+ Kg6 60. Qd3 Ng4 61. Qd6+ Rf6 62. Qd3+ Kh6 63. Qd2+ Kh7 64. Qd3+ Kg8 65. Qd8+ Kf7 66. Qd7+ Kg6 67. Qe8+ Kh6 68. Qh8+ Kg5 69. Qd8 Kg6 70. Qe8+ Kg5 71. Qd8 Ne3+ 72. Kh3 Nf5 73. Qd2+ Kg6 74. g4 hxg4+ 75.
Kxg4 Nh6+ 76. Kh4 Rf5 77. Qd6+ Kh7 78. Qd3 Kg8 79. Kg3 Rg5+ 80. Kf4 Rf5+ 81. Ke4 Rf6 82. Qd8+ Kf7 83. Qd7+ Kg6 84. Qd3 Nf5 85. Ke5 Kg5 86.
Qd2+ Kg6 87. Qg2+ Kf7 88. Qd5+ Kg6 89. Qg2+ Kh7 90. Qh1+ Nh6 91. Qe4+ Rf5+ 92. Ke6 Kg8 93. Ke7 Rf6 94. Qd5+ Kh7 95. Qd3+ Kh8 96. Qd8+ Ng8+ 97. Kd7 g5 98. Qa5 Kg7 99. Qxg5+ Rg6 100. Qe5+ Nf6+ 101. Ke7 Rh6 102. Qf5 Rg6 103. Qe6 Rh6 104. Qf7+ Kh8 105. Kf8 Nh7+ 106. Ke8 Nf6+ 107. Ke7 Ng8+ 108. Kd8 Rh7 109. Kc7 Rxf7+ 110. Kd8 Kg7 111. Ke8 Kf6 112. Kd8 Nh6 113. Ke8 Nf5 114. Kd8 Ke6 115. Ke8 Nd6+ 0-1

[Event "*** Titled Tuesday Blitz"]
[Site "Chess.com"]
[Date "2021.02.09"]
[Round "5"]
[White "Sharpchess22"]
[Black "AlexTriapishko"]
[Result "1/2-1/2"]
[WhiteElo "2724"]
[BlackElo "2852"]
[TimeControl "180+1"]
[EndTime "11:00:54 PST"]
[Termination "Game drawn by 50-move rule"]

1. c4 c5 2. Nf3 Nc6 3. Nc3 g6 4. e3 Nf6 5. d4 cxd4 6. exd4 d5 7.
cxd5 Nxd5 8. Qb3 Nxc3 9. Bc4 e6 10. bxc3 Bg7 11. Ba3 Bf8 12. Bxf8 Kxf8 13. O-O Kg7 14.
Bb5 Bd7 15. Qa3 a6 16. Bd3 Qa5 17. Qb2 Qc7 18. c4 f6 19. Rfe1 Rhe8 20. Rab1 Na5 21.
Qb4 Bc6 22. Qc5 Rac8 23. d5 Bd7 24. Qd4 e5 25. Qh4 Nxc4 26. Bxc4 Qxc4 27. Qxc4 Rxc4 28. Rxb7 Re7 29. Nd2 Rd4 30. Nb3 Rxd5 31. h3 Kf7 32. Rb6 Bb5 33. Rc1 Red7 34. Kh2 R5d6 35. Rb8 Rd8 36. Rb7+ R6d7 37. Rb6 Rd6 38. Rb7+ R8d7 39. Rb8 h5 40. Rcc8 g5 41. Nc5 Re7 42. Ne4 Rc6 43.
Rf8+ Kg6 44. g4 hxg4 45. hxg4 Bd3 46. Ng3 Rc2 47. Kg1 Rc1+ 48. Kg2 Rc2 49. Nh5 Be4+ 50. Kg3 Rc3+ 51. Kh2 Rc6 52. Rg8+ Kf7 53. Rbf8+ Ke6 54. Rxf6+ Kd5 55. Rxc6 Kxc6 56. Rxg5 Bd5 57. Rf5 Bxa2 58. g5 Bb1 59. Rf6+ Kb5 60. g6 Bxg6 61. Rxg6 a5 62. Nf6 Re6 63. Kg3 a4 64. Kg4 a3 65.
Kf5 a2 66. Rg1 Ra6 67. Ra1 Kc4 68. Ne4 Ra5 69. f3 Kd3 70. Nd6 Kc3 71. Ne4+ Kb2 72. Rxa2+ Kxa2 73. Ng5 Kb3 74. Nf7 Kc4 75. Nxe5+ Kd4 76. f4 Ke3 77. Kg4 Ke4 78. Ng6 Ra1 79. Kg5 Rg1+ 80. Kf6 Rg2 81. Ne5 Kxf4 82. Ng6+ Ke3 83.
Ne5 Ke4 84. Ng6 Ra2 85. Ne7 Ra6+ 86. Kf7 Ke5 87. Ng6+ Kd6 88. Kf6 Ra1 89. Kf5 Rf1+ 90. Nf4 Rf2 91. Ke4 Ra2 92. Kf5 Ra4 93. Ng6 Ra5+ 94. Kf6 Ra1 95. Kg5 Ra4 96. Nf4 Ke5 97. Ng6+ Ke6 98. Nf4+ Kf7 99. Kg4 Ra5 100. Kf3 Kf6 101. Ne2 Ra4 102. Ke3 Ke5 103. Kd3 Rh4 104. Nc3 Rh3+ 105.
Kd2 Rh8 106. Ne2 Ke4 107. Nc3+ Kf3 108. Ne2 Rc8 109. Nd4+ Ke4 110. Ne2 Rd8+ 111. Kc3 Ke3 112. Nc1 Rc8+ 113. Kb2 Kd2 114. Nb3+ Kd3 115. Nc1+ Kc4 116. Kc2 Rb8 117. Kd2 Rb2+ 118. Ke3 Rc2 119. Ne2 Ra2 120. Nf4 Ra8 121. Ke4 Re8+ 122. Kf5 Kd4 123. Ng6 Kd5 124. Kf6 Re6+ 125. Kf5 Ra6 126. Nf4+ Kd6 127. Ng6 Ra1 128. Nf4 Rf1 129. Ke4 Ke7 130. Nd5+ Ke6 131. Nf4+ Kf6 1/2-1/2

[Event "*** Titled Tuesday Blitz"]
[Site "Chess.com"]
[Date "2021.02.09"]
[Round "6"]
[White "GregShahade"]
[Black "Mikasinski"]
[Result "1-0"]
[WhiteElo "2684"]
[BlackElo "2477"]
[TimeControl "180+1"]
[EndTime "11:01:54 PST"]
[Termination "GregShahade won by resignation"]

1. e4 c5 2. Nf3 d6 3. d4 cxd4 4. Nxd4 Nf6 5. Nc3 g6 6. Be3 Bg7 7. f3 O-O 8. Qd2 Nc6 9. O-O-O Bd7 10. g4 Rc8 11. Kb1 Ne5 12. Be2 Qa5 13. Nb3 Qc7 14.
g5 b5 15. gxf6 1-0

[Event "*** Titled Tuesday Blitz"]
[Site "Chess.com"]
[Date "2021.02.09"]
[Round "6"]
[White "ArjunErigaisi2003"]
[Black "Chesswizard_2007"]
[Result "1-0"]
[WhiteElo "2900"]
[BlackElo "2671"]
[TimeControl "180+1"]
[EndTime "11:02:47 PST"]
[Termination "ArjunErigaisi2003 won by resignation"]

1. d3 e5 2. c3 Nf6 3. Nd2 d5 4. Ngf3 Nc6 5. e4 dxe4 6. dxe4 Bc5 7. Bb5 O-O 8. O-O Bd7 9. Qe2 Re8 10. Rd1 Qe7 11. Nb3 Bb6 12. Bg5 h6 13. Bxf6 gxf6 14. Nh4 a6 15. Rxd7 Qxd7 16. Bxc6 bxc6 17. Nf5 1-0

[Event "*** Titled Tuesday Blitz"]
[Site "Chess.com"]
[Date "2021.02.09"]
[Round "6"]
[White "Colombiano07"]
[Black "Artem_Sadovsky"]
[Result "0-1"]
[WhiteElo "2326"]
[BlackElo "2543"]
[TimeControl "180+1"]
[EndTime "11:02:58 PST"]
[Termination "Artem_Sadovsky won by resignation"]

1. d4 g6 2. c4 Bg7 3. Nc3 d6 4. e4 e5 5. Nf3 Nc6 6. Be3 Bg4 7. dxe5 dxe5 8. Be2 Bxf3 9. Bxf3 Nd4 10. O-O Ne7 11. g3 O-O 12. Bg2 c6 13. Qd2 Qd7 14. Rad1 Rad8 15.
b3 Qc7 16. Qc1 Qa5 17. Na4 Ne2+ 0-1

[Event "*** Titled Tuesday Blitz"]
[Site "Chess.com"]
[Date "2021.02.09"]
[Round "6"]
[White "SHIVACalypso"]
[Black "volunteers1998"]
[Result "1-0"]
[WhiteElo "2365"]
[BlackElo "2062"]
[TimeControl "180+1"]
[EndTime "11:03:05 PST"]
[Termination "SHIVACalypso won by resignation"]

1. Nf3 f5 2. c4 Nf6 3. g3 g6 4. Bg2 Bg7 5. O-O O-O 6. Nc3 d6 7. Rb1 e5 8. d3 Nc6 9. b4 a6 10.
a4 Be6 11. b5 Ne7 12. Ng5 Bc8 13. bxa6 Rxa6 14. Bxb7 Bxb7 15. Rxb7 Qb8 16. Rxb8 1-0

[Event "*** Titled Tuesday Blitz"]
[Site "Chess.com"]
[Date "2021.02.09"]
[Round "6"]
[White "igorcadilhac"]
[Black "OriTaichman"]
[Result "0-1"]
[WhiteElo "2309"]
[BlackElo "2541"]
[TimeControl "180+1"]
[EndTime "11:04:43 PST"]
[Termination "OriTaichman won by checkmate"]

1. e4 c5 2. Nf3 Nc6 3. Nc3 g6 4. d4 cxd4 5. Nxd4 Bg7 6. Be3 Nf6 7. Bc4 O-O 8. Bb3 d6 9. f3 Bd7 10. Qd2 Na5 11. h4 Qc7 12. g4 Nc4 13. Bxc4 Qxc4 14.
g5 Nh5 15. Nd5 Rfe8 16. O-O-O Qxa2 17. Qb4 Ng3 18. Rh2 Nf1 19. Re2 Qa1# 0-1

[Event "*** Titled Tuesday Blitz"]
[Site "Chess.com"]
[Date "2021.02.09"]
[Round "6"]
[White "jaramsdal"]
[Black "AldokhinIvan"]
[Result "0-1"]
[WhiteElo "2299"]
[BlackElo "2470"]
[TimeControl "180+1"]
[EndTime "11:04:49 PST"]
[Termination "AldokhinIvan won by resignation"]

1. d4 Nf6 2. c4 g6 3. Nc3 Bg7 4. e4 d6 5. h3 O-O 6. Nf3 Nc6 7. g4 Re8 8. g5 Nh5 9. d5 Nb4 10. a3 Na6 11. Be3 e6 12. Be2 exd5 13. exd5 Nc5 14. Nd4 Rxe3 15. fxe3 Qxg5 16. Bxh5 Qxe3+ 17. Nde2 Nd3+ 18. Qxd3 Qxd3 19. Bg4 f5 20. Rd1 Qe3 0-1

[Event "*** Titled Tuesday Blitz"]
[Site "Chess.com"]
[Date "2021.02.09"]
[Round "6"]
[White "mikolka1985"]
[Black "SanQui14"]
[Result "1-0"]
[WhiteElo "2613"]
[BlackElo "2453"]
[TimeControl "180+1"]
[EndTime "11:04:57 PST"]
[Termination "mikolka1985 won by resignation"]

1. d4 Nf6 2. c4 g6 3. Nc3 d5 4. cxd5 Nxd5 5. e4 Nxc3 6. bxc3 c5 7. Bc4 Bg7 8. Ne2 Nc6 9. Be3 O-O 10. O-O Qc7 11. Rc1 Rd8 12. Bf4 Be5 13. Bxe5 Nxe5 14.
Bb3 Ng4 15. Ng3 Qf4 16. h3 Nxf2 17. Rxf2 Qxg3 18. Rxf7 Qe3+ 19. Kh1 e6 20. Qf1 Bd7 21. Rxd7 Rxd7 22. Bxe6+ Kg7 23. Bxd7 cxd4 24. cxd4 1-0

[Event "*** Titled Tuesday Blitz"]
[Site "Chess.com"]
[Date "2021.02.09"]
[Round "6"]
[White "PavelChernomordik"]
[Black "FMOlexandrProhorov"]
[Result "1-0"]
[WhiteElo "2383"]
[BlackElo "2142"]
[TimeControl "180+1"]
[EndTime "11:04:59 PST"]
[Termination "PavelChernomordik won by resignation"]

1. e4 c5 2. Nc3 Nc6 3. Bb5 Nd4 4. Bc4 g6 5. Nge2 Bg7 6. Nxd4 cxd4 7. Qf3 Nh6 8. Ne2 O-O 9. h3 e6 10. g4 f5 11. exf5 gxf5 12. g5 Qxg5 13. Rg1 Qh4 14.
d3 d5 15. Bg5 Qxg5 16. Rxg5 dxc4 17. Qg2 Rf7 18. O-O-O cxd3 19. Rxd3 1-0

[Event "*** Titled Tuesday Blitz"]
[Site "Chess.com"]
[Date "2021.02.09"]
[Round "6"]
[White "ElCoachRene"]
[Black "guillembaches"]
[Result "0-1"]
[WhiteElo "2189"]
[BlackElo "2415"]
[TimeControl "180+1"]
[EndTime "11:05:03 PST"]
[Termination "guillembaches won by resignation"]

1. d4 Nf6 2. Bf4 d5 3. e3 c5 4. c3 Nc6 5. Nd2 e6 6. Bd3 Bd6 7. Bg3 O-O 8. Ngf3 b6 9. Ne5 Ne7 10. f4 Nf5 11. Bf2 Be7 12. Qf3 Bb7 13. g4 Nd6 14. Bh4 Nfe4 15. Bxe7 Qxe7 16. h4 f6 17. Qg2 Nxd2 18. Qxd2 fxe5 19. fxe5 Ne4 20. Bxe4 dxe4 21.
O-O-O cxd4 22. exd4 Rf3 23. Qe2 Raf8 24. g5 Qf7 25.
Rh2 Bd5 26. b3 Rxc3+ 27. Kb2 Qf3 28. Qd2 Bxb3 29. axb3 Rxb3+ 30. Ka2 Ra3+ 0-1

[Event "*** Titled Tuesday Blitz"]
[Site "Chess.com"]
[Date "2021.02.09"]
[Round "6"]
[White "floplover"]
[Black "GM_LOADING"]
[Result "0-1"]
[WhiteElo "2291"]
[BlackElo "2468"]
[TimeControl "180+1"]
[EndTime "11:05:04 PST"]
[Termination "GM_LOADING won by resignation"]

1. d4 Nf6 2. c4 e6 3. Nc3 Bb4 4. Qc2 Nc6 5. Nf3 d6 6. Bd2 e5 7. e3 O-O 8. a3 Bxc3 9. Bxc3 Qe7 10. d5 Nb8 11. Be2 Bg4 12. h3 Bh5 13. O-O Nbd7 14. Rfe1 a5 15. b3 Nc5 16. Nd2 Bxe2 17. Rxe2 Nh5 18.
e4 Nf4 19. Nf3 Nxe2+ 20. Qxe2 Nxb3 0-1